 Dungeon Crawl Stone Soup version 0.31-a0-986-g5e6e4ef867 (webtiles) character file.

Game seed: 13979810208073134095

527 skwerlee the Chopper (level 7, -1/44 HPs)
             Began as a Gargoyle Fighter on Nov 12, 2023.
             Was an Initiate of Gozag.
             Slain by an ogre
             ... wielding a +0 giant spiked club
              (22 damage)
             ... on level 5 of the Dungeon.
             The game lasted 00:09:41 (4245 turns).

skwerlee the Chopper (Gargoyle Fighter)             Turns: 4245, Time: 00:09:42

Health: -1/44      AC: 13    Str: 22    XL:     7   Next: 23%
Magic:  7/7        EV:  9    Int:  8    God:    Gozag
Gold:   282        SH:  0    Dex:  9    Spells: 6/6 levels left

rFire   . . .        a - +0 war axe
rCold   . . .        (no shield)
rNeg    + . .        b - +0 scale mail
rPois   ∞            (no helmet)
rElec   +            (no cloak)
rCorr   .            e - +1 pair of gloves
SInv    +            (no boots)
Will    .....        (no amulet) Stlth
                     k - ring of see invisible
HPRegen 0.27/turn    i - ring of flight
MPRegen 0.10/turn

%: no passive effects
@: flying
A: sickness immunity, AC +4, negative energy resistance 1, electricity
resistance, torment resistance 1, petrification resistance
a: Renounce Religion, Potion Petition, Call Merchant, Bribe Branch


You were on level 5 of the Dungeon.
You worshipped Gozag.
Gozag was aware of your devotion.
You visited 1 branch of the dungeon, and saw 5 of its levels.

You collected 355 gold pieces.
You paid 73 gold pieces to Gozag.

Inventory:

Hand Weapons
 a - a +0 war axe (weapon)
Armour
 b - a +0 scale mail (worn)
 c - a +0 buckler
 e - a +1 pair of gloves (worn)
Jewellery
 i - a ring of flight (right hand)
 k - a ring of see invisible (left hand)
 m - an amulet of faith
 q - an amulet of guardian spirit
 v - a ring of willpower
Scrolls
 f - 5 scrolls of blinking
 g - a scroll of immolation {unknown}
 j - a scroll of teleportation {unknown}
 o - 3 scrolls of identify {unknown}
 p - a scroll of revelation {unknown}
 s - 2 scrolls of vulnerability {unknown}
 u - a scroll of amnesia {unknown}
 w - a scroll of enchant armour {unknown}
Potions
 d - a potion of might
 h - 2 potions of haste {unknown}
 l - a potion of enlightenment {unknown}
 n - 4 potions of cancellation {unknown}
 r - a potion of ambrosia {unknown}
 t - 2 potions of resistance {unknown}
 x - 2 potions of mutation {unknown}


   Skills:
 + Level 4.9 Fighting
 + Level 6.0 Axes
 - Level 3.4 Armour
 - Level 0.1 Dodging
 - Level 0.2 Stealth
 - Level 3.6 Shields


You had 6 spell levels left.
You didn't know any spells.
Your spell library contained the following spells:

 Spells                   Type           Power      Damage    Failure   Level
 Poisonous Vapours        Pois/Air       0%         N/A       86%         2
 Gell's Gravitas          Tloc           0%         N/A       97%         3
 Mephitic Cloud           Conj/Pois/Air  0%         N/A       97%         3
 Teleport Other           Tloc           0%         N/A       97%         3
 Freezing Cloud           Conj/Ice/Air   0%         6-21      100%        5
 Dispersal                Tloc           0%         N/A       100%        6


Dungeon Overview and Level Annotations

Branches:
Dungeon (5/15)
 Temple: D:4-7

Altars:
Ashenzari
Fedhas
Gozag
Hepliaklqana
Kikubaaqudgha
Zin


Innate Abilities, Weirdness & Mutations

You are immune to sickness and miasma.
Your stone body is resilient. (AC +4)
You are immune to poison.
You resist negative energy. (rN+)
You are resistant to electric shocks. (rElec)
You are resistant to unholy torment.
You are immune to petrification.


Message History

You see here the +2 mace of the Tomato {freeze, MP+9 Stlth+}.
No target in view!
You reach down and open the door.
There is an open door here.
You reach down and open the door.
There is an open door here.
There is an open door here.
There is an open door here.
You hear a distant slurping noise.
You reach down and open the door.
There is an open door here.
Found a robe.
No target in view!
f - 5 scrolls of blinking (gained 2)
You hear a distant slurping noise.
An ogre comes into view. It is wielding a +0 giant spiked club.
Found a broken altar of Ashenzari.
The ogre shouts!
An ogre is nearby!
An ogre is nearby!
You slash the ogre!
The ogre is heavily wounded.
The ogre hits you with a +0 giant spiked club!!
Ouch! That really hurt!
You are too injured to fight recklessly!
You are too injured to fight recklessly!
You barely miss the ogre.
The ogre is heavily wounded.
The ogre misses you.
You slash the ogre!
The ogre is severely wounded.
The ogre closely misses you.
You barely miss the ogre.
The ogre is severely wounded.
You barely miss the ogre.
The ogre is severely wounded.
The ogre hits you with a +0 giant spiked club!!
Ouch! That really hurt!
You die...
Your body crumbles into a pile of gold.

###'##..#.......
#.....#.......#.......
#.....#######'######## .
#..............#......
..#........>.....+......
..................).....
P.._..PPPP..PPPP........
......O.................
#....@.........#......
######.........#......
#.....<...+......
#.........#......
#.........###'###
#................
+................
####................
.....................


You could see an ogre.

Vanquished Creatures
  A black bear (D:4)
  A jelly (D:4)
  An iguana (D:5)
  Natasha (thrice) (D:2)
  An orc wizard (D:3)
  A sleepcap (D:3)
  A hound zombie (D:4)
  A hound skeleton (D:4)
  Robin (D:2)
  4 gnolls
  3 adders
  2 ufetubi (D:4)
  2 adder zombies (D:4)
  2 adder skeletons (D:4)
  3 worms
  2 dart slugs
  12 orcs
  5 ball pythons
  6 endoplasms
  2 giant cockroaches (D:1)
  12 goblins
  11 hobgoblins
  2 jackals (D:1)
  3 quokkas
  7 bats
  4 frilled lizards
  7 kobolds
  6 rats
106 creatures vanquished.

Notes
Turn   | Place    | Note
-------+----------+-------------------------------------------
     0 | D:1      | skwerlee the Gargoyle Fighter began the quest for the Orb.
     0 | D:1      | Reached XP level 1. HP: 14/14 MP: 1/1
   176 | D:1      | Reached skill level 2 in Axes
   176 | D:1      | Reached XP level 2. HP: 19/19 MP: 2/2
   524 | D:1      | Reached XP level 3. HP: 21/24 MP: 3/3
  1188 | D:2      | Noticed Natasha
  1188 | D:2      | Noticed Robin
  1199 | D:2      | Reached XP level 4. HP: 26/29 MP: 4/4
  1202 | D:2      | Killed Natasha
  1203 | D:2      | Reached skill level 3 in Axes
  1214 | D:2      | Killed Robin
  1439 | D:2      | Found the +7 Throatcutter {drain, coup de grace}
  1618 | D:2      | Noticed Natasha
  1629 | D:2      | Killed Natasha
  1630 | D:2      | Reached XP level 5. HP: 12/33 MP: 5/5
  1679 | D:2      | Noticed Natasha
  1693 | D:2      | Killed Natasha
  1694 | D:2      | Reached skill level 4 in Axes
  2133 | D:3      | Reached XP level 6. HP: 39/39 MP: 6/6
  2231 | D:3      | Found a hazy altar of Hepliaklqana.
  3015 | D:4      | Reached skill level 5 in Axes
  3273 | D:4      | Found a glowing silver altar of Zin.
  3274 | D:4      | Found an opulent altar of Gozag.
  3280 | D:4      | Became a worshipper of Gozag Ym Sagoz the Greedy
  3358 | D:4      | Found an ancient bone altar of Kikubaaqudgha.
  3361 | D:4      | Found a blossoming altar of Fedhas.
  3662 | D:4      | Noticed a black bear
  3673 | D:4      | Killed a black bear
  3674 | D:4      | Reached XP level 7. HP: 44/44 MP: 7/7
  4096 | D:5      | Entered Level 5 of the Dungeon
  4110 | D:5      | Reached skill level 6 in Axes
  4196 | D:5      | Identified the +2 mace of the Tomato {freeze, MP+9 Stlth+}
  4239 | D:5      | Found a broken altar of Ashenzari.
  4245 | D:5      | Slain by an ogre

Illustrated notes

Levels and vault maps discovered:
D:1:      wander_arrival_fairy_ring, layout_basic, minmay_tetromino_l2
D:2:      layout_loops_ring, grunt_decor_arrowhead, minmay_hedge_maze,
          uniq_robin, uniq_natasha
D:3:      minmay_evil_eye, layout_basic, mainiacjoe_overflow_cross_hatched,
          minivault_24, minmay_fountain_box
D:4:      layout_loops_corners, grunt_temple_overflow_gold_and_silver,
          grunt_temple_overflow_growth_and_decay,
          mainiacjoe_ossuary_entry_find_the_door
D:5:      layout_gridville, mainiacjoe_overflow_boulevard, dk_noncrumbling_4

Skill      XL: |  1  2  3  4  5  6  7 |
---------------+----------------------+-----
Axes           | 2 3 4 5 6 |  6.0
Fighting       | 4 |  4.9
Armour         | |  3.4
Dodging        | |  0.1
Stealth        | |  0.2
Shields        | |  3.6

Action                     |  1- 3 |  4- 6 |  7- 9 || total
---------------------------+-------+-------+-------++-------
  Melee: War axe           |   100 |   195 |    49 ||   344
    Use: Scroll            |     1 |       |       ||     1
   Stab: Distracted        |       |       |     1 ||     1
 Armour: Scale mail        |    70 |   181 |    34 ||   285
  Dodge: Dodged            |    55 |   117 |    19 ||   191
  Block: Buckler           |    10 |       |       ||    10

Table legend: (Time is in decaauts)
 A = Elapsed time spent in this place.
 B = Non-inter-level travel time spent in this place.
 C = Inter-level travel time spent in this place.
 D = Time resting spent in this place.
 E = Time spent auto-exploring this place.
 F = Levels seen in this place.
 G = Mean time per level.
                   A        B        C        D        E       F      G
               +--------+--------+--------+--------+--------+-----+--------+
         Total |   4350 |   4234 |    116 |    412 |   2980 |   5 |  870.0 |
       Dungeon |   4350 |   4234 |    116 |    412 |   2980 |   5 |  870.0 |
               +--------+--------+--------+--------+--------+-----+--------+

Top non-repeatable levels by time:
     D:4: 1123 daAuts
     D:3: 1076 daAuts
     D:2: 1048 daAuts
     D:1: 949 daAuts
     D:5: 152 daAuts
